 Dungeon Crawl Stone Soup version 0.27.1-33-g824d729ab1 (webtiles) character file.

Game seed: 11258583449330952096

35 zeram the Shield-Bearer (level 3, -2/29 HPs)
             Began as a Merfolk Fighter on Dec 14, 2021.
             Slain by a worm (3 damage)
             ... on level 2 of the Dungeon.
             The game lasted 00:01:06 (1057 turns).

zeram the Shield-Bearer (Merfolk Fighter)           Turns: 1057, Time: 00:01:07

Health: -2/29      AC:  6    Str: 16    XL:     3   Next: 33%
Magic:  3/3        EV:  7    Int:  8    God:
Gold:   50         SH:  9    Dex: 13    Spells: 2/2 levels left

rFire    . . .     SeeInvis .   a - +0 trident
rCold    . . .     Faith    .   c - +0 kite shield
rNeg     . . .     Spirit   .   b - +0 scale mail
rPois    .         Reflect  .   (no helmet)
rElec    .         Harm     .   (no cloak)
rCorr    .         Rampage  .   (no gloves)
Will     .....                  (no boots)
Stlth    ..........             (no amulet)
HPRegen  0.09/turn              (no ring)
MPRegen  0.08/turn              (no ring)

@: mighty, lethally poisoned (-2 -> -9)
A: (nimble swimmer 2), mertail
a: no special abilities


You were on level 2 of the Dungeon.
You visited 1 branch of the dungeon, and saw 2 of its levels.

You collected 50 gold pieces.

Inventory:

Hand Weapons
 a - a +0 trident (weapon)
Missiles
 h - 54 stones (quivered)
Armour
 b - a +0 scale mail (worn)
 c - a +0 kite shield (worn)
Scrolls
 g - a scroll of identify {unknown}
 i - a scroll of immolation {unknown}
 j - a scroll of teleportation {unknown}
Potions
 e - a potion of lignification {unknown}
 k - a potion of haste {unknown}


   Skills:
 - Level 3.2 Fighting
 - Level 3.0 Polearms
 - Level 2.1 Armour
 + Level 4.3 Shields


You had 2 spell levels left.
You didn't know any spells.
Your spell library was empty.

Dungeon Overview and Level Annotations

Branches:
Dungeon (2/15)

Altars:


Innate Abilities, Weirdness & Mutations

((You are quick and stealthy near water. (Stealth+, EV+, Speed+++)))
Your lower body shifts to a powerful aquatic tail in water.


Message History

You are too injured to fight recklessly!
You are too injured to fight recklessly!
You are too injured to fight recklessly!
You are too injured to fight recklessly!
You are too injured to fight recklessly!
You are too injured to fight recklessly!
You are too injured to fight recklessly!
You are too injured to fight recklessly!
You are too injured to fight recklessly!
You are too injured to fight recklessly!
You are too injured to fight recklessly!
You are too injured to fight recklessly!
You are too injured to fight recklessly!
You are too injured to fight recklessly!
You are too injured to fight recklessly!
Unknown command.
You feel sick. The bat barely misses you. You block the adder's attack.
You feel sick. The bat hits you but does no damage.
You feel sick. The bat hits you but does no damage.
As you read the scroll labelled ZEAKHL FI URAD, it crumbles to dust.
It is a scroll of amnesia.
You feel forgetful for a moment.
You feel sick. The bat hits you but does no damage.
You block the adder's attack.
You feel very mighty all of a sudden.
You feel sick. The adder bites you.
* * * LOW HITPOINT WARNING * * *
The bat hits you but does no damage. The adder barely misses you.
You closely miss the adder.
You feel sick.
You are no longer poisoned.
The bat hits you.
* * * LOW HITPOINT WARNING * * *
You block the adder's attack. The worm bites you but does no damage.
Unknown command.
You miss the adder. The bat hits you but does no damage. x2
The adder bites you.
* * * LOW HITPOINT WARNING * * *
You are lethally poisoned!
The adder poisons you! The adder bites you but does no damage.
The worm bites you.
You die...

. ##...###.##.# . ..##
###.#.###.# .# # ....#
#......##.. .# # ....##
#......###.. ####....##
#####......# .##
........###..........#
#.........#..........#
#..............##.####
#..†.........b@##>#
#........#...wS##.# #
#..............##.# #
#........#.....# .#
###........#..##....#
......######.. .......#
##..#...................
...###########..........
#### ###........


You could see a worm, an adder and a bat.

Vanquished Creatures
  An adder (D:2)
  A worm (D:2)
  2 bats (D:2)
  4 endoplasms
  A giant cockroach (D:1)
  A goblin (D:1)
  2 hobgoblins
  A quokka (D:2)
  2 ball pythons
  2 frilled lizards
  4 kobolds
  A rat (D:1)
22 creatures vanquished.

Notes
Turn   | Place    | Note
-------+----------+-------------------------------------------
     0 | D:1      | zeram the Merfolk Fighter began the quest for the Orb.
     0 | D:1      | Reached XP level 1. HP: 18/18 MP: 1/1
   298 | D:1      | Reached XP level 2. HP: 24/24 MP: 2/2
   418 | D:1      | Found a faded altar of an unknown god.
   424 | D:1      | You fall into a shaft and drop 1 floor!
   618 | D:2      | Reached skill level 4 in Shields
   860 | D:2      | Reached XP level 3. HP: 19/29 MP: 3/3
  1057 | D:2      | HP: 1/29 [adder (2)]
  1057 | D:2      | Slain by a worm

Illustrated notes

Levels and vault maps discovered:
D:1:      tarquinn_simple_flora_water_a, layout_basic, basic_ecumenical_altar,
          minivault_11
D:2:      layout_rooms, kennysheep_generic_room_4

Skill      XL: |  1  2 |
---------------+-------+-----
Shields        | 4 |  4.3
Fighting       | |  3.2
Polearms       | |  3.0
Armour         | |  2.1

Action                   || total
-------------------------++-------
Melee: Trident           ||    90
  Use: Scroll            ||     1
       Potion            ||     1
Armor: Scale mail        ||    44
Dodge: Dodged            ||    26
Block: Kite shield       ||    46
